 Dungeon Crawl Stone Soup version 0.15.2 (webtiles) character file.

230321 ImaNewbie the Impaler (level 19, -6/155 HPs)
             Began as a Merfolk Berserker on Mar 3, 2015.
             Was the Champion of Trog.
             Mangled by the 27-headed Lernaean hydra (11 damage)
             ... on Level 5 of the Swamp on Mar 6, 2015.
             The game lasted 08:19:32 (49664 turns).

ImaNewbie the Impaler (Merfolk Berserker)          Turns: 49664, Time: 08:19:32

HP  -6/155       AC 22     Str 18      XL: 19   Next: 47%
MP  29/29        EV 24     Int 10      God: Trog [******]
Gold 2830        SH  9     Dex 18      Spells:  0 memorised, 18 levels left

rFire  + . .     SeeInvis .     u - +5 demon trident (freeze)
rCold  . . .     Clarity  .     T - +2 ring mail {rPois}
rNeg   + . .     rCorr    .     O - +2 buckler
rPois  +         rRot     .     j - +2 helmet
rElec  .         Spirit   .     v - +2 cloak {+Inv}
SustAb .         Warding  +     U - +2 pair of gloves
rMut   .         Stasis   .     (no boots)
Gourm  .         NoCast   +     H - amulet of Cheibriados' Esteem {Ward -Cast rN+ Dex-1 Slay+6 Stlth+}
MR     +....                    d - ring "Stiowaud" {rF+ Slay+5}
                                h - ring of Xom's Passing Interest {rPois Slay+4}

@: exhausted, very slightly contaminated, hasted and slowed, invisible, somewhat
resistant to hostile enchantments, unstealthy
A: change form in water, swift swim, claws 1, clever 1, wild magic 1
a: Burn Spellbooks, Berserk, Trog's Hand, Brothers in Arms, Renounce Religion
}: 1/15 runes: serpentine


You were on level 5 of the Swamp.
You worshipped Trog.
Trog was exalted by your worship.
You were hungry.

You visited 7 branches of the dungeon, and saw 39 of its levels.
You also visited: Sewer and Bailey.

You collected 4149 gold pieces.
You spent 1319 gold pieces at shops.

Inventory:

Hand weapons
 a - a +6 trident of venom
 b - a +3 blowgun
 u - a +5 demon trident of freezing (weapon)
Missiles
 l - 3 curare-tipped needles
 B - 76 poisoned needles
Armour
 j - a +2 helmet (worn)
 v - a +2 cloak of darkness (worn)
 G - the +6 plate armour of Weirdness {rF+ MR++}
   (You found it on level 7 of the Lair of Beasts)

   It protects you from fire.
   It affects your resistance to hostile enchantments.
 O - a +2 buckler (worn)
 T - a +2 ring mail of poison resistance (worn)
 U - a +2 pair of gloves (worn)
Magical devices
 n - a wand of heal wounds (4)
 o - a wand of confusion (3)
 F - a wand of lightning (2)
 M - a wand of teleportation (2)
 N - a wand of fireball (3)
 Q - a wand of digging (12)
 Y - a wand of disintegration (9)
Comestibles
 c - 19 bread rations
 z - 7 beef jerkies
 A - 9 meat rations
Scrolls
 e - 3 scrolls of magic mapping
 f - 4 scrolls of fear
 g - 2 scrolls of recharging
 k - 15 scrolls of teleportation
 p - 2 scrolls of silence
 t - a scroll of summoning
 w - 15 scrolls of remove curse
 C - 7 scrolls of enchant armour
 J - 4 scrolls of blinking
 P - 4 scrolls of fog
 R - 9 scrolls of identify
Jewellery
 d - the ring "Stiowaud" (right hand) {rF+ Slay+5}
   (You found it on level 6 of the Lair of Beasts)

   [ring of slaying]

   It affects your accuracy and damage with ranged weapons and melee attacks
   (+5).
   It protects you from fire.
 h - the ring of Xom's Passing Interest (left hand) {rPois Slay+4}
   (You bought it in a shop on level 5 of the Snake Pit)

   [ring of poison resistance]

   It affects your accuracy and damage with ranged weapons and melee attacks
   (+4).
   It protects you from poison.
 m - an uncursed ring of sustain abilities
 q - an uncursed amulet of resist mutation
 H - the amulet of Cheibriados' Esteem (around neck) {Ward -Cast rN+ Dex-1 Slay+6 Stlth+}
   (You found it on level 8 of the Lair of Beasts)

   [amulet of warding]

   It may prevent the melee attacks of summoned creatures.
   It affects your dexterity (-1).
   It affects your accuracy and damage with ranged weapons and melee attacks
   (+6).
   It protects you from negative energy.
   It prevents spellcasting.
   It makes you more stealthy.
 I - an uncursed ring of protection from cold
 W - an uncursed amulet of faith
Potions
 i - a potion of lignification
 s - 5 potions of haste
 x - a potion of invisibility
 D - 9 potions of agility
 E - 9 potions of curing
 K - 3 potions of heal wounds
 S - a potion of restore abilities
 V - a potion of resistance
 X - 2 potions of might
Miscellaneous
 r - a disc of storms
 y - a lamp of fire
 Z - a phial of floods


   Skills:
 + Level 15.0 Fighting
 - Level 18.0 Polearms
 + Level 17.0 Armour
 + Level 17.5 Dodging
 + Level 10.1 Shields
 - Level 8.0 Evocations


You had 18 spell levels left.
You didn't know any spells.

Dungeon Overview and Level Annotations

Branches:
Dungeon (15/15)            Temple (0/1) D:4             Orc (4/4) D:9
    Elf (1/3) Orc:4          Lair (8/8) D:10          Swamp (5/5) Lair:3
  Snake (5/5) Lair:6        Slime (0/6) Lair:6       Vaults (0/5) D:14
 Depths (1/5) D:15

Altars:
Ashenzari
Cheibriados
Dithmenos
Fedhas
Kikubaaqudgha
Makhleb
Nemelex Xobeh
Okawaru
Trog
Yredelemnul
Zin
The Shining One
Beogh
Jiyva

Shops:
D:4 (   D:7 [   D:14 (*   D:15 %**   Orc:4 =(?}   Snake:5 ([!*

Annotations:
Swamp:5 Lernaean hydra


Innate Abilities, Weirdness & Mutations

You revert to your normal form in water.
You are very nimble and swift while swimming.
You have sharp fingernails.
Your mind is acute. (Int +2)
Your spells are a little harder to cast, but a little more powerful.


Message History

The 27-headed Lernaean hydra completely misses you.
The 27-headed Lernaean hydra bites you.
* * * LOW HITPOINT WARNING * * *
You block the 27-headed Lernaean hydra's attack.
The 27-headed Lernaean hydra bites you but does no damage.
The 27-headed Lernaean hydra completely misses you.
You block the 27-headed Lernaean hydra's attack.
The 27-headed Lernaean hydra barely misses you.
The 27-headed Lernaean hydra bites you but does no damage.
The 27-headed Lernaean hydra misses you. x2
The 27-headed Lernaean hydra bites you.
* * * LOW HITPOINT WARNING * * *
The 27-headed Lernaean hydra misses you.
The 27-headed Lernaean hydra closely misses you.
The 27-headed Lernaean hydra bites you but does no damage.
The 27-headed Lernaean hydra bites you.
* * * LOW HITPOINT WARNING * * *
The 27-headed Lernaean hydra bites you but does no damage.
The 27-headed Lernaean hydra bites you!
You die...

♣♣♣♣ ♣≈≈..≈(..≈≈≈≈..(.♣♣♣♣ ♣
♣.≈....≈§..≈≈≈≈≈..... ♣ ♣♣♣♣
♣♣♣♣♣♣♣.≈.....#..♣♣♣≈≈≈♣ ♣
♣..♣♣♣♣♣...♣♣♣♣♣≈....≈≈♣♣ ♣♣♣♣♣
♣♣♣≈≈§♣♣≈♣♣≈≈.≈♣♣♣♣.#.≈≈♣≈♣
≈≈≈≈≈≈≈..≈≈≈.≈♣≈≈.♣....≈♣♣♣ ♣♣
≈≈≈≈≈≈≈≈≈.≈≈..≈≈≈.♣.≈.≈♣♣♣♣.≈ #
≈≈≈≈≈.♣♣.........w≈...♣♣♣.≈ ###≈
...≈♣♣♣♣♣.≈≈§♣♣F@D≈.§≈≈♣.#####≈≈≈
≈≈.♣♣ ♣♣..§≈≈♣♣♣≈D≈........#≈%..#
≈≈≈♣ ♣≈...≈≈♣♣♣♣.≈≈.%.....≈.%%..
♣..♣ ♣♣♣♣≈≈.≈♣ ♣♣♣≈≈≈≈...##.≈#≈≈
♣≈♣♣♣ ♣♣..≈♣ ♣≈♣♣♣.########≈
.≈≈≈♣♣♣♣ ♣♣♣♣♣ ♣♣≈≈♣♣.≈## ≈§
.≈≈≈...♣♣ ♣♣≈≈♣♣.≈# ≈§ ♣.≈≈.♣§.♣
♣≈.♣♣♣♣# ≈≈≈ ♣♣♣≈♣♣♣♣♣ ♣♣.#≈≈♣
≈≈D


You could see the 27-headed Lernaean hydra, a swamp dragon, a giant leech and a
spiny frog.

Vanquished Creatures
  Mara (Snake:4)
  Asterion (Swamp:2)
  A player illusion (Snake:4)
  Rupert (Swamp:4)
  A thorn hunter (Swamp:4)
  Frances (Swamp:2)
  A spectral weapon (Swamp:2)
  7 greater nagas
  Donald (Snake:4)
  Maud (Lair:5)
  A stone giant (D:15)
  The ghost of SaintRoka the Cloud Mage, a powerful HaAE of Vehumet (D:10)
  21 hydras
  9 naga warriors
  13 anacondas
  Erica (Lair:1)
  2 dancing weapons (D:14)
  7 centaur warriors
  10 alligators
  14 death yaks
  A tengu warrior (D:14)
  12 naga sharpshooters
  Urug (D:15)
  The ghost of ImaNewbie the Conjurer, an experienced DrCj of Vehumet (Lair:2)
  14 shock serpents
  A fire crab (Lair:8)
  An orc high priest (Orc:3)
  3 catoblepae (Lair:8)
  A fire crab (shapeshifter) (D:15)
  A spriggan (Swamp:4)
  5 unseen horrors
  Erolcha (D:12)
  A spriggan druid (Swamp:4)
  8 naga ritualists
  5 salamander mystics (Snake:5)
  A giant orange brain (D:15)
  6 swamp dragons
  Pikel (D:7)
  8 hill giants
  2 deep elf conjurers (D:13)
  A wolf spider (D:15)
  3 griffons
  2 orc sorcerers (Orc:4)
  4 lindwurms (Snake:5)
  10 salamanders
  4 orc knights
  3 oklob plants
  A mana viper (shapeshifter) (D:15)
  17 mana vipers
  16 ugly things
  A manticore (D:15)
  5 cyclopes
  55 black mambas
  5 elephants (Lair:7)
  A mermaid (shapeshifter) (D:15)
  A gargoyle (D:10)
  7 guardian serpents
  30 naga magi
  24 spiny frogs
  2 efreet
  An item mimic (Lair:5)
  6 komodo dragons
  3 yaktaurs (D:15)
  2 centaur skeletons
  2 fire drakes
  2 tengu conjurers (D:13)
  19 blink frogs
  A freezing wraith (D:15)
  A catoblepas zombie (D:12)
  14 ravens
  Prince Ribbit (D:6)
  4 snapping turtles (D:9)
  3 trolls
  A boulder beetle (Lair:6)
  A hydra skeleton (D:15)
  6 bog bodies
  7 giant leeches
  28 slime creatures
  7 baby alligators
  3 two-headed ogres
  7 basilisks
  52 yaks
  2 deep elf magi
  Eustachio (D:5)
  5 wyverns
  A yak (shapeshifter) (D:15)
  4 shadows
  17 vampire mosquitoes
  A human (shapeshifter) (D:15)
  11 hippogriffs
  2 hungry ghosts
  23 swamp worms
  A hill giant skeleton (D:10)
  12 wolves
  Menkaure (D:5)
  3 wargs
  A hippogriff (shapeshifter) (D:15)
  A chaos spawn (Orc:4)
  2 mottled dragons
  43 water moccasins
  52 nagas
  A human skeleton (D:12)
  14 swamp drakes
  11 porcupines
  5 ice beasts
  A spider (D:10)
  2 black bears
  A manticore zombie (D:13)
  A necrophage (D:15)
  A sky beast (D:5)
  25 orc warriors
  3 phantoms
  9 ogres
  4 yellow wasps
  30 centaurs
  21 crocodiles
  5 big kobolds
  A komodo dragon skeleton (D:10)
  17 giant frogs
  25 insubstantial wisps
  4 scorpions
  An eye of draining (D:13)
  7 jellies
  16 killer bees
  13 wights
  A yak skeleton (D:7)
  An electric eel (D:9)
  A goliath beetle (D:6)
  13 crimson imps
  14 hounds
  13 orc priests
  Crazy Yiuf (D:7)
  A kobold zombie (D:14)
  An elf skeleton (D:14)
  15 worker ants
  27 orc wizards
  16 sheep
  10 iguanas
  A crocodile zombie (D:9)
  Ijyb (D:7)
  A mottled dragon zombie (D:14)
  A hound zombie (D:5)
  A mummy (D:7)
  A worker ant zombie (D:9)
  A hound skeleton (D:3)
  19 gnolls
  A steam dragon skeleton (D:6)
  21 adders
  2 shadow imps
  38 green rats
  4 giant mites
  3 worms
  An iguana skeleton (D:9)
  An adder skeleton (D:7)
  A giant eyeball (Lair:1)
  12 giant geckos
  2 oozes
  156 orcs
  4 ball pythons
  A bat skeleton (D:7)
  5 giant cockroaches
  21 goblins
  15 hobgoblins
  34 kobolds
  13 quokkas
  18 bats
  5 giant newts
  A giant newt skeleton (D:5)
  A giant spore (D:14)
  A hobgoblin skeleton (D:4)
  16 jackals
  16 rats
  A rat skeleton (D:5)
  5 ballistomycetes (D:14)
  A butterfly (Lair:2)
  3 fungi
1476 creatures vanquished.

Vanquished Creatures (collateral kills)
  Nikola (Swamp:2)
  A spectral weapon (Swamp:2)
  3 orc high priests (Orc:4)
  3 orc knights (Orc:4)
  A sixfirhy (Orc:4)
  2 orc sorcerers
  A raven (Swamp:3)
  A giant leech (Swamp:2)
  A ynoxinul (Orc:4)
  3 yaks (D:10)
  2 wargs (Orc:3)
  2 orc warriors
  2 electric eels (D:9)
  3 orc priests
  2 orc wizards (Orc:4)
  8 ufetubi (Orc:4)
  5 orcs
  A kobold (D:10)
42 creatures vanquished.

Vanquished Creatures (others)
  A naga sharpshooter (Snake:5)
  A deep troll (Snake:4)
  A troll (Snake:4)
  A polar bear (Swamp:2)
  A two-headed ogre (Orc:3)
  A water elemental (Swamp:2)
  A naga (Snake:3)
  A yellow wasp (Swamp:2)
  2 ogres
  A slave (D:7)
  A killer bee (D:7)
  A fungus (D:7)
  2 plants
15 creatures vanquished.

Grand Total: 1533 creatures vanquished

Notes
Turn   | Place    | Note
--------------------------------------------------------------
     0 | D:1      | ImaNewbie, the Merfolk Berserker, began the quest for the Orb.
     0 | D:1      | Reached XP level 1. HP: 18/18 MP: 1/1
    97 | D:1      | Reached skill level 5 in Polearms
   101 | D:1      | Reached XP level 2. HP: 21/24 MP: 2/2
   575 | D:2      | Reached skill level 6 in Polearms
   575 | D:2      | Reached XP level 3. HP: 29/29 MP: 3/3
  1032 | D:2      | Reached skill level 7 in Polearms
  1032 | D:2      | Reached XP level 4. HP: 35/35 MP: 4/4
  1134 | D:2      | Acquired Trog's second power
  1856 | D:3      | Reached skill level 8 in Polearms
  1856 | D:3      | Reached XP level 5. HP: 33/41 MP: 5/5
  2227 | D:3      | Noticed an ogre
  2518 | D:3      | Found a bloodstained altar of Trog.
  2814 | D:3      | Reached skill level 9 in Polearms
  2949 | D:4      | Found Griatuph's Weapon Shop.
  3115 | D:4      | Reached XP level 6. HP: 17/47 MP: 6/6
  3400 | D:4      | Reached skill level 10 in Polearms
  3643 | D:4      | Found a staircase to the Ecumenical Temple.
  4200 | D:4      | Found a glowing silver altar of Zin.
  4201 | D:4      | Found a burning altar of Makhleb.
  4205 | D:4      | Noticed an angel
  4205 | D:4      | Noticed a blizzard demon
  4308 | D:5      | Entered Level 5 of the Dungeon
  4617 | D:5      | Reached XP level 7. HP: 47/53 MP: 7/7
  4642 | D:5      | Found a shattered altar of Ashenzari.
  4646 | D:5      | Noticed Menkaure
  4653 | D:5      | Killed Menkaure
  4785 | D:5      | Found a glowing drain.
  4837 | Sewer    | Entered a sewer
  5162 | Sewer    | Got a warped demon blade
  5235 | D:5      | Noticed Eustachio
  5244 | D:5      | Killed Eustachio
  5244 | D:5      | Reached skill level 5 in Fighting
  5244 | D:5      | Reached skill level 11 in Polearms
  5244 | D:5      | Reached skill level 5 in Dodging
  5244 | D:5      | Reached XP level 8. HP: 62/62 MP: 8/8
  5954 | D:6      | Noticed Prince Ribbit
  6154 | D:6      | Reached skill level 12 in Polearms
  6183 | D:6      | Killed Prince Ribbit
  6341 | D:6      | Reached skill level 13 in Polearms
  6699 | D:6      | Acquired Trog's third power
  6788 | D:6      | Found a snail-covered altar of Cheibriados.
  6789 | D:6      | Found a basalt altar of Yredelemnul.
  6791 | D:6      | Found an ancient bone altar of Kikubaaqudgha.
  6792 | D:6      | Found a sparkling altar of Nemelex Xobeh.
  6795 | D:6      | Found a blossoming altar of Fedhas.
  6795 | D:6      | Found a shadowy altar of Dithmenos.
  7043 | D:7      | Reached skill level 14 in Polearms
  7043 | D:7      | Reached XP level 9. HP: 62/68 MP: 9/9
  7119 | D:7      | Noticed Pikel
  7374 | D:7      | Killed Pikel
  7561 | D:7      | Noticed Ijyb
  7573 | D:7      | Killed Ijyb
  7903 | D:7      | Reached skill level 15 in Polearms
  8034 | D:7      | Noticed a green ugly thing
  8061 | D:7      | Killed a green ugly thing
  8061 | D:7      | Reached XP level 10. HP: 79/79 MP: 10/10
  8082 | D:7      | Gained mutation: You have sharp fingernails. [mutagenic meat]
  8083 | D:7      | Gained mutation: Your spells are a little harder to cast, but a little more powerful. [mutagenic meat]
  8715 | D:7      | Found an iron altar of Okawaru.
  8955 | D:7      | Reached skill level 16 in Polearms
  9108 | D:7      | Noticed Crazy Yiuf
  9116 | D:7      | Killed Crazy Yiuf
  9162 | D:7      | Found Kludaes' Armour Boutique.
  9753 | D:8      | Reached skill level 1 in Evocations
 10699 | D:9      | HP: 3/123 [snapping turtle (28)]
 10712 | D:9      | Reached skill level 10 in Dodging
 10712 | D:9      | Reached XP level 11. HP: 4/89 MP: 15/15
 11237 | D:9      | HP: 2/89 [electric eel/bolt of electricity (6)]
 11741 | D:9      | Found a staircase to the Orcish Mines.
 12007 | Orc:1    | Entered Level 1 of the Orcish Mines
 12014 | Orc:1    | Received a gift from Trog
 12835 | Orc:1    | Received a gift from Trog
 13566 | Orc:3    | Found a roughly hewn altar of Beogh.
 13566 | Orc:3    | Noticed an orc high priest
 13572 | Orc:3    | Noticed an ice devil
 13581 | Orc:3    | Killed an orc high priest
 13800 | Orc:4    | Entered Level 4 of the Orcish Mines
 13800 | Orc:4    | Found a staircase to the Elven Halls.
 13873 | Orc:4    | Received a gift from Trog
 14119 | Orc:4    | Noticed an orc knight
 14345 | Orc:4    | Reached skill level 17 in Polearms
 14363 | Orc:4    | Killed an orc knight
 14882 | Elf:1    | Entered Level 1 of the Elven Halls
 14882 | Elf:1    | Noticed a deep elf demonologist
 14882 | Elf:1    | Noticed a deep elf conjurer
 14911 | Orc:4    | Received a gift from Trog
 14985 | Orc:4    | Noticed an orc high priest
 14985 | Orc:4    | Noticed an orc knight
 14986 | Orc:4    | Paralysed by an orc sorcerer for 5 turns
 14987 | Orc:4    | Noticed an orc knight
 14992 | Orc:4    | Noticed a soul eater
 14993 | Orc:4    | Killed an orc knight
 14996 | Orc:4    | Killed an orc high priest
 14997 | Orc:4    | Noticed an orc high priest
 14997 | Orc:4    | Noticed an orc high priest
 14998 | Orc:4    | Noticed an orc knight
 15001 | Orc:4    | Killed an orc knight
 15001 | Orc:4    | Reached skill level 10 in Fighting
 15002 | Orc:4    | Killed an orc knight
 15008 | Orc:4    | Reached XP level 12. HP: 93/97 MP: 19/19
 15011 | Orc:4    | Killed an orc high priest
 15024 | Orc:4    | Killed an orc high priest
 15025 | Orc:4    | Found Gatramu's Jewellery Shop.
 15030 | Orc:4    | Found Ostra's Gadget Shoppe.
 15035 | Orc:4    | Found Maosiroi's Weapon Shop.
 15036 | Orc:4    | Found Psaumu's Magic Scroll Shoppe.
 15062 | Orc:4    | Bought a wand of disintegration (9) for 143 gold pieces
 15062 | Orc:4    | Bought a phial of floods for 440 gold pieces
 15065 | Orc:4    | Bought a scroll of summoning for 104 gold pieces
 15264 | Orc:2    | Found a bloodstained altar of Trog.
 15467 | D:10     | Entered Level 10 of the Dungeon
 15486 | D:9      | Gained mutation: Your mind is acute. (Int +2) [potion of beneficial mutation]
 15603 | D:10     | Noticed SaintRoka's ghost (powerful HaAE)
 15620 | D:10     | Killed SaintRoka's ghost
 15849 | D:10     | Found a staircase to the Lair.
 15894 | D:10     | Reached skill level 5 in Armour
 16609 | Lair:1   | Entered Level 1 of the Lair of Beasts
 16777 | Lair:1   | Noticed Erica
 16814 | Lair:1   | Killed Erica
 17996 | Lair:2   | Noticed ImaNewbie's ghost (experienced DrCj)
 18013 | Lair:2   | Killed ImaNewbie's ghost
 18403 | Lair:2   | Received a gift from Trog
 18716 | Lair:2   | Reached XP level 13. HP: 93/106 MP: 20/20
 19793 | Lair:3   | Found a staircase to the Swamp.
 20327 | Swamp:1  | Entered Level 1 of the Swamp
 21212 | Swamp:1  | Received a gift from Trog
 21530 | Swamp:2  | Noticed Asterion
 21693 | Swamp:2  | Noticed Frances
 21724 | Swamp:2  | Killed Frances
 21934 | Swamp:2  | Noticed Nikola
 21957 | Swamp:2  | Killed Nikola
 21957 | Swamp:2  | Reached XP level 14. HP: 59/116 MP: 21/21
 22006 | Swamp:2  | Noticed a spectral weapon
 22021 | Swamp:2  | Killed a spectral weapon
 22023 | Swamp:2  | Noticed a spectral weapon
 22039 | Swamp:2  | Killed a spectral weapon
 22044 | Swamp:2  | Killed Asterion
 23101 | Swamp:3  | Reached skill level 15 in Dodging
 23475 | Swamp:3  | Reached skill level 10 in Armour
 23910 | Swamp:3  | Received a gift from Trog
 24365 | Swamp:4  | Noticed a thorn hunter
 24397 | Swamp:4  | Killed a thorn hunter
 24758 | Swamp:4  | Noticed Rupert
 24758 | Swamp:4  | Paralysed by Rupert for 4 turns
 24800 | Swamp:4  | Paralysed by Rupert for 3 turns
 24843 | Swamp:4  | Killed Rupert
 25823 | Swamp:5  | Entered Level 5 of the Swamp
 26166 | D:11     | Received a gift from Trog
 26244 | D:11     | Found a flagged portal.
 26318 | Bailey   | Entered a bailey
 26595 | Bailey   | Reached XP level 15. HP: 93/125 MP: 22/22
 27823 | D:11     | Received a gift from Trog
 29370 | D:12     | Noticed Erolcha
 29394 | D:12     | Killed Erolcha
 30029 | D:13     | Received a gift from Trog
 30912 | D:14     | Reached skill level 1 in Shields
 31064 | D:14     | Found a gate to the Vaults.
 31145 | D:14     | Received a gift from Trog
 31787 | D:14     | Found Ypufaos' Demolitions Depot.
 32055 | D:14     | Found Buomeaj's Weapon Emporium.
 32278 | D:14     | Reached skill level 5 in Shields
 32484 | D:14     | Received a gift from Trog
 32681 | D:15     | Entered Level 15 of the Dungeon
 32901 | D:15     | Found Kliq Lutt's Food Shop.
 32935 | D:15     | Found Qaesmia's Assorted Antiques.
 32938 | D:15     | Found Shruhin's Assorted Antiques.
 32959 | D:15     | Reached XP level 16. HP: 133/133 MP: 23/23
 34150 | D:15     | Received a gift from Trog
 34445 | D:15     | Found a staircase to the Depths.
 34646 | D:15     | Noticed Urug
 34658 | D:15     | Killed Urug
 34904 | Depths:1 | Entered Level 1 of the Depths
 35727 | Lair:4   | Found a glowing golden altar of the Shining One.
 36183 | Lair:5   | Reached skill level 5 in Evocations
 36275 | Lair:5   | Received a gift from Trog
 36360 | Lair:5   | Noticed Maud
 36400 | Lair:5   | Killed Maud
 36579 | Lair:5   | Reached skill level 18 in Polearms
 37480 | Lair:6   | Found a viscous altar of Jiyva.
 37480 | Lair:6   | Found a staircase to the Slime Pits.
 37625 | Lair:6   | Found a staircase to the Snake Pit.
 37834 | Lair:6   | Got an ancient granite ring
 37836 | Lair:6   | Identified the ring "Stiowaud" {rF+ Slay+5} (You found it on level 6 of the Lair of Beasts)
 38150 | Lair:7   | Received a gift from Trog
 38296 | Lair:7   | Got an encrusted plate armour
 38307 | Lair:7   | Identified the +6 plate armour of Weirdness {rF+ MR++} (You found it on level 7 of the Lair of Beasts)
 38371 | Lair:7   | Identified a scroll of acquirement
 39125 | Lair:8   | Entered Level 8 of the Lair of Beasts
 39454 | Lair:8   | Reached XP level 17. HP: 140/140 MP: 27/27
 39732 | Lair:8   | Received a gift from Trog
 40284 | Lair:8   | Got a brightly glowing tin amulet
 40285 | Lair:8   | Identified the amulet of Cheibriados' Esteem {Ward -Cast rN+ Dex-1 Slay+6 Stlth+} (You found it on level 8 of the Lair of Beasts)
 40606 | Snake:1  | Entered Level 1 of the Snake Pit
 41817 | Snake:2  | Received a gift from Trog
 42733 | Snake:3  | Received a gift from Trog
 43916 | Snake:4  | Reached XP level 18. HP: 148/148 MP: 29/29
 44528 | Snake:4  | Noticed Mara
 44537 | Snake:4  | Noticed ImaNewbie's illusion
 44938 | Snake:4  | Noticed ImaNewbie's illusion
 44954 | Snake:4  | Killed ImaNewbie's illusion
 44960 | Snake:4  | Killed Mara
 45188 | Snake:4  | Noticed Donald
 45199 | Snake:4  | Killed Donald
 45207 | Snake:4  | Received a gift from Trog
 45254 | Snake:4  | Paralysed by a Zot trap for 5 turns
 45450 | Snake:4  | Reached skill level 15 in Armour
 45657 | Snake:5  | Entered Level 5 of the Snake Pit
 46021 | Snake:5  | Found Loheoxe's Assorted Antiques.
 46033 | Snake:5  | Bought a scroll of enchant armour for 277 gold pieces
 46033 | Snake:5  | Bought a sparkling granite ring for 185 gold pieces
 46039 | Snake:5  | Identified the ring of Xom's Passing Interest {rPois Slay+4} (You bought it in a shop on level 5 of the Snake Pit)
 46066 | Snake:5  | Found Dyeheg Heted's Distillery.
 46369 | Snake:5  | Found Mauduin's Antique Weapon Emporium.
 46377 | Snake:5  | Bought a potion of resistance for 119 gold pieces
 46377 | Snake:5  | Bought a potion of heal wounds for 51 gold pieces
 46457 | Snake:5  | Found Klygumin's Armour Boutique.
 47310 | Snake:5  | Received a gift from Trog
 47391 | Snake:5  | Got an ancient chain mail
 47402 | Snake:5  | Identified the +6 chain mail "Qaacs" {+Rage} (You found it on level 5 of the Snake Pit)
 47848 | Snake:5  | Reached XP level 19. HP: 143/154 MP: 29/29
 48043 | Snake:5  | Received a gift from Trog
 48301 | Snake:5  | Got a serpentine rune of Zot
 49620 | Swamp:5  | Reached skill level 15 in Fighting
 49627 | Swamp:5  | Reached skill level 10 in Shields
 49639 | Swamp:5  | Noticed the 27-headed Lernaean hydra
 49664 | Swamp:5  | HP: 5/155 [the 27-headed Lernaean hydra (5)]
 49664 | Swamp:5  | Mangled by the 27-headed Lernaean hydra

Action                   |  1- 3 |  4- 6 |  7- 9 | 10-12 | 13-15 | 16-18 | 19-21 || total
-------------------------+-------+-------+-------+-------+-------+-------+-------++-------
Melee: Spear             |   109 |   315 |   121 |       |       |       |       ||   545
       Trident           |       |       |   339 |  1116 |  2023 |  1501 |       ||  4979
       Demon trident     |       |       |       |       |    17 |   631 |   239 ||   887
       Unarmed           |       |       |       |       |       |    35 |       ||    35
 Fire: Blowgun           |       |       |       |     2 |    15 |       |       ||    17
Invok: Berserk           |     1 |     7 |    11 |    13 |    12 |     5 |     2 ||    51
       Burn Spellbooks   |       |     2 |     2 |     1 |     4 |     1 |     1 ||    11
       Trog's Hand       |       |       |     7 |     6 |     8 |     5 |       ||    26
       Brothers in Arms  |       |       |       |     7 |     5 |     2 |       ||    14
 Abil: Evoke Invisibilit |       |       |       |       |       |     1 |       ||     1
Evoke: Wand              |       |       |     3 |     4 |    12 |     6 |       ||    25
       Phial of floods   |       |       |       |       |     1 |       |       ||     1
  Use: Scroll            |       |    18 |     1 |     5 |    13 |     5 |     1 ||    43
       Potion            |       |       |       |     5 |     4 |     1 |     2 ||    12
 Stab: Distracted        |     1 |       |       |     4 |     2 |     3 |       ||    10
       Sleeping          |       |     4 |       |       |     2 |     6 |     2 ||    14
       Confused          |       |       |       |       |     1 |       |       ||     1
       Invisible         |       |       |       |       |       |     3 |       ||     3
  Eat: Chunk             |       |    14 |    17 |    53 |    59 |    52 |     7 ||   202
       Meat ration       |       |     1 |       |       |       |       |       ||     1
       Fruit             |       |       |     6 |       |     2 |     1 |       ||     9
       Royal jelly       |       |       |       |       |     1 |       |       ||     1
       Pizza             |       |       |       |       |       |     1 |       ||     1
       Beef jerky        |       |       |       |       |       |     1 |       ||     1
